 Dungeon Crawl Stone Soup version 0.24-a0-205-g1d96822 (webtiles) character file.

Game seed: 909164117007686991

35 Borgoz the Cutter (level 3, -2/22 HPs)
             Began as a Kobold Gladiator on Mar 28, 2019.
             Slain by a gnoll
             ... wielding a +0 halberd
              (9 damage)
             ... on level 2 of the Dungeon.
             The game lasted 00:02:56 (807 turns).

Borgoz the Cutter (Kobold Gladiator)                 Turns: 807, Time: 00:02:57

Health: -2/22      AC:  4    Str: 12    XL:     3   Next: 55%
Magic:  3/3        EV: 16    Int:  9    God:
Gold:   27         SH:  0    Dex: 16    Spells: 3/3 levels left

rFire    . . .     SeeInvis .   a - +0 rapier
rCold    . . .     Gourm    .   (shield restricted)
rNeg     . . .     Faith    .   b - +0 leather armour
rPois    .         Spirit   .   c - +0 helmet
rElec    .         Reflect  .   (no cloak)
rCorr    .         Harm     .   (no gloves)
MR       .....                  (no boots)
Stlth    ++........             (no amulet)
HPRegen  0.07/turn              e - ring of flight
MPRegen  0.08/turn              (no ring)

@: no status effects
A: small, carnivore
a: Evoke Flight


You were on level 2 of the Dungeon.
You were completely stuffed.

You visited 1 branch of the dungeon, and saw 2 of its levels.

You collected 27 gold pieces.

Inventory:

Hand Weapons
 a - a +0 rapier (weapon)
Missiles
 d - 3 throwing nets (quivered)
Armour
 b - a +0 leather armour (worn)
 c - a +0 helmet (worn)
Jewellery
 e - a ring of flight (left hand)
Scrolls
 i - a scroll of identify {unknown}
 j - 2 scrolls of enchant weapon {unknown}
 k - a scroll of teleportation {unknown}
Potions
 g - 2 potions of agility {unknown}
 h - 2 potions of lignification {unknown}
 l - a potion of cancellation {unknown}
Comestibles
 f - 3 rations
 m - a chunk of flesh


   Skills:
 + Level 2.6 Fighting
 + Level 4.3 Short Blades
 + Level 2.5 Throwing
 + Level 0.5 Armour
 + Level 3.8 Dodging
 + Level 1.2 Stealth
 + Level 0.5 Spellcasting


You had 3 spell levels left.
You didn't know any spells.
Your spell library was empty.

Dungeon Overview and Level Annotations

Branches:
Dungeon (2/15)

Altars:


Innate Abilities, Weirdness & Mutations

You are small and have problems with some larger weapons.
You are carnivorous and can eat meat at any time.


Message History

The gnoll barely misses you.
You hit the gnoll.
You kill the gnoll!
The bat closely misses you.
You barely miss the bat. The bat closely misses you.
The frilled lizard barely misses you.
You hit the frilled lizard.
You kill the frilled lizard!
The bat misses you. The bat barely misses you.
You hit the bat.
The bat is heavily wounded.
The bat barely misses you.
You puncture the bat!
You kill the bat!
The gnoll hits you! The gnoll closely misses you.
You hit the gnoll.
The gnoll is severely wounded.
The gnoll hits you.
The gnoll hits you from afar with a +0 halberd!
You die...

#.....# #<....#
#.....######
#..........#
#.....†..#.
######...#
#...#.#####
#...#...†.# #÷###
#@# #.# #g# #.#
#g# #.#######w#
##.#......g#
#..........#
#.+######..#####..
#.#...Sb##.......>
#.#.!...#.#..#####


You could see a worm and 3 gnolls.

Vanquished Creatures
  A gnoll (D:2)
  A worm (D:2)
  A dart slug (D:1)
  3 hobgoblins (D:1)
  3 bats
  3 frilled lizards
  3 goblins (D:1)
  3 kobolds (D:1)
  6 rats
24 creatures vanquished.

Notes
Turn   | Place    | Note
-------+----------+-------------------------------------------
     0 | D:1      | Borgoz the Kobold Gladiator began the quest for the Orb.
     0 | D:1      | Reached XP level 1. HP: 12/12 MP: 1/1
   353 | D:1      | Reached XP level 2. HP: 12/17 MP: 2/2
   507 | D:1      | Reached skill level 1 in Stealth
   685 | D:2      | Reached XP level 3. HP: 16/22 MP: 3/3
   807 | D:2      | Slain by a gnoll

Levels and vault maps discovered:
D:1:      onia_arrival_pyramid, layout_loops_ring
D:2:      layout_basic, led_sif_pool, first_ration, minmay_3d_cube

Skill      XL: |  1  2 |
---------------+-------+-----
Stealth        | 1 |  1.2
Fighting       | |  2.6
Short Blades   | |  4.3
Throwing       | |  2.5
Armour         | |  0.5
Dodging        | |  3.8
Spellcasting   | |  0.5

Action                   || total
-------------------------++-------
Melee: Rapier            ||    72
 Stab: Sleeping          ||     5
  Eat: Chunk             ||     8
Armor: Leather armour    ||    17
Dodge: Dodged            ||    65

Table legend:
 A = Non-vault XP
 B = Vault XP
 C = Vault XP percentage of total XP
 D = Non-vault monster count
 E = Vault monster count
 F = Vault count percentage of total count
                 A         B        C        D         E       F
            +---------+---------+-------+---------+---------+-------
      Total |      45 |       6 |  11.8 |      22 |       2 |   8.3
            +---------+---------+-------+---------+---------+-------
        D:1 |      27 |       0 |   0.0 |      18 |       0 |   0.0
        D:2 |      18 |       6 |  25.0 |       4 |       2 |  33.3
            +---------+---------+-------+---------+---------+-------
